 Dungeon Crawl Stone Soup version 0.29-a0-841-g116ddc6ace (console) character file.

Game seed: 16422442823325428473

6536 jejorda2 the Carver (level 11, 0/83 HPs)
             Began as a Merfolk Berserker on July 14, 2022.
             Was a Priest of Trog.
             Slain by a gnoll
             ... wielding a +0 spear
             ... led by a gnoll sergeant
              (1 damage)
             ... on level 9 of the Dungeon.
             The game lasted 00:24:44 (11341 turns).

jejorda2 the Carver (Merfolk Berserker)            Turns: 11341, Time: 00:24:47

Health: 0/83       AC: 13    Str: 17    XL:     11   Next: 1%
Magic:  11/11      EV: 12    Int:  7    God:    Trog [***...]
Gold:   377        SH:  6    Dex: 18    Spells: 10/10 levels left

rFire   + . .      SeeInvis .   a - +1 long sword
rCold   . . .      Faith    .   O - +0 buckler
rNeg    . . .      Spirit   .   n - +2 scale mail {rF+}
rPois   +          Reflect  .   (no helmet)
rElec   .          Harm     .   (no cloak)
rCorr   .          Rampage  .   g - +1 pair of gloves
Will    .....                   w - +0 pair of boots
Stlth   ..........              (no amulet)
HPRegen 0.23/turn               J - ring of flight
MPRegen 0.12/turn               L - ring of poison resistance

@: on berserk cooldown, attractive, flying, slowed, very slow
A: (nimble swimmer 2), mertail
a: Renounce Religion, Berserk, Trog's Hand


You were on level 9 of the Dungeon.
You worshipped Trog.
Trog was most pleased with you.
You visited 1 branch of the dungeon, and saw 9 of its levels.

You collected 377 gold pieces.

Inventory:

Hand Weapons
 a - a +1 long sword (weapon)
 h - a +1 dagger of venom
 s - a +0 antimagic rapier
Missiles
 i - 9 javelins (quivered)
 m - 101 stones
 u - 2 silver boomerangs
 v - 21 poisoned darts
 B - a throwing net
Armour
 g - a +1 pair of gloves (worn)
 n - a +2 scale mail of fire resistance (worn)
 q - a +0 plate armour
 w - a +0 pair of boots (worn)
 C - the +1 scale mail "Teer Gakh" {rElec rF- rN+++ Int-3}
   (You found it on level 6 of the Dungeon)

   Int:       It affects your intelligence (-3).
   rF:        It makes you vulnerable to fire.
   rElec:     It insulates you from electricity.
   rN:        It renders you almost immune to negative energy.
 O - a +0 buckler (worn)
Jewellery
 d - a ring of positive energy
 J - a ring of flight (left hand)
 L - a ring of poison resistance (right hand)
 M - a ring of ice
Wands
 A - a wand of mindburst (9)
 F - a wand of flame (21)
 I - a wand of digging (9)
 P - a wand of acid (5)
Scrolls
 e - 2 scrolls of fog
 f - 5 scrolls of teleportation
 y - 2 scrolls of immolation
 D - 2 scrolls of enchant weapon
 H - a scroll of fear
 K - 2 scrolls of vulnerability {unknown}
 N - a scroll of noise {unknown}
Potions
 b - 2 potions of berserk rage
 k - 4 potions of curing
 o - 3 potions of flight
 p - 4 potions of brilliance
 r - a potion of might {unknown}
 t - a potion of lignification {unknown}
 x - 2 potions of mutation
 z - 2 potions of cancellation
 E - 3 potions of degeneration {unknown}
 G - a potion of ambrosia


   Skills:
 - Level 6.9 Fighting
 - Level 14.0 Long Blades
 - Level 2.2 Throwing
 - Level 6.0 Armour
 - Level 5.9 Dodging
 + Level 4.8 Shields


You had 10 spell levels left.
You didn't know any spells.
Your spell library was empty.

Dungeon Overview and Level Annotations

Branches:
Dungeon (9/15)             Temple (0/1) D:5            Lair (0/6) D:8
    Orc (0/2) D:9

Altars:
Cheibriados
Elyvilon
Fedhas
Gozag
Kikubaaqudgha
Nemelex Xobeh
Okawaru
Ru
Sif Muna
Uskayaw
Vehumet
Wu Jian
Yredelemnul
The Shining One

Shops:
D:9 [


Innate Abilities, Weirdness & Mutations

((You are very nimble when in or above water. (Stealth+, EV+, Speed+++)))
Your lower body shifts to a powerful aquatic tail in water.


Message History

You kill the yak!
Trog accepts your kill. You block the gnoll sergeant's attack.
You have reached level 11!
You feel much better. You block the gnoll sergeant's attack.
The gnoll closely misses you.
The gnoll sergeant hits you with a +2 spear of freezing!
The gnoll sergeant freezes you. The gnoll closely misses you.
The gnoll sergeant closely misses you.
You see here a yak corpse.
You slash the gnoll sergeant!
The gnoll sergeant is moderately wounded.
The gnoll sergeant hits you with a +2 spear of freezing!
* * * LOW HITPOINT WARNING * * *
The gnoll sergeant freezes you.
* * * LOW HITPOINT WARNING * * *
The gnoll hits you but does no damage.
You hit the gnoll sergeant but do no damage.
The gnoll sergeant is moderately wounded.
The gnoll sergeant hits you with a +2 spear of freezing.
* * * LOW HITPOINT WARNING * * *
The gnoll sergeant freezes you.
* * * LOW HITPOINT WARNING * * *
You block the gnoll's attack.
It was a potion of attraction.
You feel attractive to monsters.
The gnoll sergeant hits you with a +2 spear of freezing.
* * * LOW HITPOINT WARNING * * *
The gnoll sergeant freezes you.
* * * LOW HITPOINT WARNING * * *
The gnoll hits you from afar with a +0 spear.
* * * LOW HITPOINT WARNING * * *
It was a potion of magic.
Magic courses through your body. The gnoll hits you but does no damage.
The gnoll sergeant hits you with a +2 spear of freezing.
* * * LOW HITPOINT WARNING * * *
The gnoll sergeant freezes you.
* * * LOW HITPOINT WARNING * * *
The gnoll hits you from afar with a +0 spear.
You die...

##############
....()...ggg.#
YY#....#..##@#
.......#..##.#
.............#
#+###########....#
#....<......#....#
#...........#....#
#...........#....#
#...........#.##.#
####.....####....#


You could see a gnoll sergeant and 2 gnolls.

Vanquished Creatures
  A hydra (D:6)
  Pikel (D:5)
  Psyche (D:9)
  A troll (D:9)
  A hornet (D:8)
  13 yaks
  A wraith (D:9)
  A wyvern (D:9)
  A warg (D:9)
  An acid dragon (D:9)
  A water moccasin (D:7)
  3 ice beasts
  A black bear (D:5)
  3 orc warriors
  An ogre (D:7)
  A centaur (D:9)
  2 bullfrogs
  A gnoll sergeant (D:9)
  A necrophage (D:8)
  2 scorpions (D:4)
  7 killer bees
  8 orc priests
  4 hounds
  Ijyb (D:4)
  Terence (D:2)
  2 iguanas
  6 orc wizards
  5 gnolls (D:9)
  6 adders
  2 shadow imps
  An ufetubus (D:7)
  A dart slug (D:3)
  44 orcs
  5 ball pythons
  6 endoplasms
  3 giant cockroaches
  7 goblins
  7 hobgoblins
  7 jackals (D:1)
  3 quokkas
  4 bats
  3 frilled lizards
  6 kobolds
  5 rats
182 creatures vanquished.

Vanquished Creatures (others)
  10 plants (D:8)
10 creatures vanquished.

Grand Total: 192 creatures vanquished

Notes
Turn   | Place    | Note
-------+----------+-------------------------------------------
     0 | D:1      | jejorda2 the Merfolk Berserker began the quest for the Orb.
     0 | D:1      | Reached XP level 1. HP: 18/18 MP: 1/1
    10 | D:1      | Found a faded altar of an unknown god.
   181 | D:1      | Reached skill level 4 in Long Blades
   181 | D:1      | Reached XP level 2. HP: 19/24 MP: 2/2
   856 | D:1      | Reached XP level 3. HP: 8/29 MP: 3/3
  2010 | D:2      | Noticed Terence
  2017 | D:2      | Killed Terence
  2018 | D:2      | Reached XP level 4. HP: 37/37 MP: 4/4
  2534 | D:2      | Reached skill level 5 in Long Blades
  3525 | D:3      | Reached XP level 5. HP: 34/42 MP: 5/5
  3902 | D:3      | Found an ornate altar of the Wu Jian Council.
  3981 | D:3      | Found a white marble altar of Elyvilon.
  4379 | D:4      | Reached ** piety under Trog
  4606 | D:4      | Noticed Ijyb
  4625 | D:4      | Killed Ijyb
  4905 | D:4      | Reached skill level 6 in Long Blades
  4905 | D:4      | Reached XP level 6. HP: 35/49 MP: 6/6
  5260 | D:4      | Found a snail-covered altar of Cheibriados.
  5352 | D:4      | Found an ancient bone altar of Kikubaaqudgha.
  5399 | D:4      | Found a glowing golden altar of the Shining One.
  5464 | D:4      | Found a shimmering blue altar of Sif Muna.
  5513 | D:5      | Entered Level 5 of the Dungeon
  5888 | D:5      | Noticed an ice beast
  5904 | D:5      | Killed an ice beast
  5905 | D:5      | Reached skill level 5 in Fighting
  5905 | D:5      | Reached skill level 7 in Long Blades
  5905 | D:5      | Reached XP level 7. HP: 56/56 MP: 7/7
  6048 | D:5      | Noticed a yak
  6064 | D:5      | Killed a yak
  6067 | D:5      | Noticed a yak
  6067 | D:5      | Noticed a yak
  6067 | D:5      | Noticed a yak
  6068 | D:5      | Noticed a yak
  6068 | D:5      | Noticed a yak
  6087 | D:4      | Killed a yak
  6088 | D:4      | Reached skill level 8 in Long Blades
  6375 | D:5      | Found a staircase to the Ecumenical Temple.
  6419 | D:5      | Noticed Pikel
  6436 | D:5      | Killed Pikel
  6437 | D:5      | Reached skill level 9 in Long Blades
  6437 | D:5      | Reached XP level 8. HP: 45/64 MP: 8/8
  6711 | D:5      | Found a sacrificial altar of Ru.
  6859 | D:5      | Killed a yak
  6860 | D:5      | Reached skill level 10 in Long Blades
  6863 | D:5      | Killed a yak
  6873 | D:5      | Killed a yak
  6874 | D:5      | Reached XP level 9. HP: 69/69 MP: 9/9
  6877 | D:5      | Reached skill level 11 in Long Blades
  7204 | D:6      | Found an opulent altar of Gozag.
  7248 | D:6      | Identified the +1 scale mail "Teer Gakh" {rElec rF- rN+++
                  | Int-3}
  7362 | D:6      | Noticed a five-headed hydra
  7372 | D:6      | Killed a five-headed hydra
  7373 | D:6      | Reached skill level 12 in Long Blades
  7373 | D:6      | Reached skill level 5 in Armour
  7600 | D:6      | Found a sparkling altar of Nemelex Xobeh.
  8459 | D:7      | Identified the +0 robe of Polytheism {rF+ Stlth+}
  8578 | D:7      | Found a hide-covered altar of Uskayaw.
  8578 | D:7      | Noticed a +0 dagger
  8578 | D:7      | Noticed a +0 falchion
  8578 | D:7      | Noticed a +0 falchion
  8579 | D:7      | Noticed a +0 short sword
  8579 | D:7      | Noticed a +0 spear
  8580 | D:7      | Noticed a +0 short sword
  8580 | D:7      | Noticed a +0 dagger
  8582 | D:7      | Noticed a +0 spear
  8899 | D:8      | Reached skill level 13 in Long Blades
  8918 | D:8      | Found a blossoming altar of Fedhas.
  8943 | D:8      | Found a basalt altar of Yredelemnul.
  8969 | D:8      | Noticed a hornet
  8976 | D:8      | Killed a hornet
  8977 | D:8      | Reached XP level 10. HP: 76/76 MP: 10/10
  9049 | D:8      | Found an iron altar of Okawaru.
  9193 | D:8      | Found a staircase to the Lair.
  9351 | D:8      | Reached skill level 14 in Long Blades
 10049 | D:9      | Found Raus Dir's Armour Shop.
 10069 | D:9      | Found a staircase to the Orcish Mines.
 10188 | D:9      | Reached skill level 5 in Dodging
 10443 | D:9      | Found a radiant altar of Vehumet.
 10549 | D:9      | Reached skill level 1 in Throwing
 10718 | D:9      | Reached *** piety under Trog
 11003 | D:9      | Noticed Psyche
 11012 | D:9      | Killed Psyche
 11336 | D:9      | Reached XP level 11. HP: 25/83 MP: 11/11
 11341 | D:9      | HP: 2/83 [gnoll sergeant/+2 spear of freezing (5)]
 11341 | D:9      | Slain by a gnoll

Illustrated notes

Levels and vault maps discovered:
D:1:      amcnicky_arrival_choice, layout_basic,
          hellmonk_ecumenical_altar_pennies_from_heaven, minmay_pentomino_q2
D:2:      layout_loops_ring, serial_co_window_serial, co_window_paths_b,
          co_window_paths_b, co_window_paths_a, co_window_paths_b,
          co_window_corner_a, co_window_paths_a, co_window_corner_a,
          co_window_paths_a, co_window_paths_b, co_window_cross_4,
          co_window_2corner, co_window_paths_c, co_window_unsneaky_path_a,
          co_window_corner_cb, co_window_unsneaky_path_d, co_window_2corner,
          co_window_paths_e, glass_columns_a, glass_columns_a, glass_columns_a,
          glass_columns_c, glass_columns_a, minmay_misc_feat_tiny, uniq_terence
D:3:      layout_loops_ring, mainiacjoe_overflow_cross_hatched,
          nicolae_wu_jian_immortal_techniques
D:4:      layout_cave_pools, tso_oasis_becter, mainiacjoe_overflow_alcove_2,
          minitemple, serial_column_ruins, column_ruins_grid_5,
          column_ruins_hut_pillars, column_ruins_open_tiny, column_ruins_grid_1,
          column_ruins_grid_3, column_ruins_grid_3, uniq_ijyb
D:5:      layout_basic, nicolae_ru_sacrificial_ziggurat, temple_hall, uniq_pikel
D:6:      layout_basic, nemelex_xobeh_ov_fountains_minmay,
          mainiacjoe_overflow_concentric_impassable, minmay_misc_feat_tower
D:7:      layout_rooms, nicolae_uskayaw_en_pointe
D:8:      layout_basic, fedhas_altar_1, old_standard_altar,
          mainiacjoe_overflow_chevrons, lair_entry_dummy, grunt_ministairs_7
D:9:      layout_stronghold, mainiacjoe_overflow_24_doors, erik_orc_4,
          serial_shops, nicolae_shop_crystal, uniq_psyche

Skill      XL: |  1  2  3  4  5  6  7  8  9 10 |
---------------+-------------------------------+-----
Long Blades    | 4 5 6 7 9 10 13 14 | 14.0
Armour         | 2 3 4 5 6 |  6.0
Fighting       | 4 5 6 |  6.9
Dodging        | 5 |  5.9
Throwing       | 2 |  2.2
Shields        | 4 |  4.8

Action                   |  1- 3 |  4- 6 |  7- 9 | 10-12 || total
-------------------------+-------+-------+-------+-------++-------
Melee: Long sword        |    98 |   205 |   170 |   232 ||   705
       Falchion          |     2 |       |       |       ||     2
       Punch             |       |     1 |     3 |     1 ||     5
       Dagger            |       |       |     8 |       ||     8
Throw: Dart              |     1 |     2 |     1 |       ||     4
       Javelin           |       |       |     3 |     5 ||     8
Invok: Berserk           |     3 |     5 |     6 |     8 ||    22
       Trog's Hand       |       |     1 |     1 |     3 ||     5
  Use: Scroll            |       |     9 |     8 |     2 ||    19
       Potion            |       |       |       |     7 ||     7
 Stab: Sleeping          |     1 |       |       |       ||     1
Armor: Animal skin       |    23 |       |       |       ||    23
       Scale mail        |       |   114 |    59 |    97 ||   270
Dodge: Dodged            |    72 |   113 |    64 |   102 ||   351
Block: Buckler           |       |       |       |    15 ||    15

Table legend: (Time is in decaauts)
 A = Elapsed time spent in this place.
 B = Non-inter-level travel time spent in this place.
 C = Inter-level travel time spent in this place.
 D = Time resting spent in this place.
 E = Time spent auto-exploring this place.
 F = Levels seen in this place.
 G = Mean time per level.
                   A        B        C        D        E       F      G
               +--------+--------+--------+--------+--------+-----+--------+
         Total |  11490 |  10959 |    531 |   2136 |   7191 |   9 | 1276.7 |
       Dungeon |  11490 |  10959 |    531 |   2136 |   7191 |   9 | 1276.7 |
               +--------+--------+--------+--------+--------+-----+--------+

Top non-repeatable levels by time:
     D:1: 2152 daAuts
     D:2: 1560 daAuts
     D:4: 1439 daAuts
     D:9: 1393 daAuts
     D:6: 1098 daAuts
     D:8: 1056 daAuts
     D:5: 1043 daAuts
     D:3: 913 daAuts
     D:7: 833 daAuts
